 Dungeon Crawl Stone Soup version 0.23.2-11-gf996548 (webtiles) character file.

Game seed: 12859775471621110632

469 Fang the Skirmisher (level 7, 0/44 HPs)
             Began as a Gargoyle Berserker on June 4, 2019.
             Was a Priest of Trog.
             Killed from afar by an orc wizard (4 damage)
             ... with a magic dart
             ... on level 4 of the Dungeon.
             The game lasted 00:04:58 (3796 turns).

Fang the Skirmisher (Gargoyle Berserker)            Turns: 3796, Time: 00:04:59

Health: 0/44       AC:  7    Str: 23    XL:     7   Next: 9%
Magic:  0/7        EV: 13    Int:  7    God:    Trog [***...]
Gold:   213        SH:  0    Dex:  9    Spells: 6/6 levels left

rFire    + . .     SeeInvis .   a - +0 hand axe
rCold    . . .     Gourm    .   (no shield)
rNeg     + . .     Faith    .   b - +0 animal skin
rPois    ∞         Spirit   +   (no helmet)
rElec    +         Reflect  .   (no cloak)
rCorr    .         Harm     .   (no gloves)
MR       ++...                  (no boots)
Stlth    ..........             h - amulet of guardian spirit
HPRegen  1.14/turn              l - ring of attention (curse)
MPRegen  0.10/turn              v - ring of protection from fire

@: berserk cooldown, regenerating, slowed, very slow
A: negative energy resistance 1, electricity resistance, unbreathing,
petrification resistance, rot immunity, AC +4
a: Berserk, Trog's Hand, Renounce Religion


You were on level 4 of the Dungeon.
You worshipped Trog.
Trog was most pleased with you.
You were very hungry.

You visited 1 branch of the dungeon, and saw 4 of its levels.
You also visited: Sewer.

You collected 213 gold pieces.

Inventory:

Hand Weapons
 a - a +0 hand axe (weapon)
Armour
 b - a +0 animal skin (worn)
Jewellery
 h - an amulet of guardian spirit (around neck)
 l - a cursed ring of attention (left hand)
 o - an uncursed ring of magical power
 v - a ring of protection from fire (right hand)
Wands
 s - a wand of disintegration (8)
Scrolls
 e - a scroll of amnesia {unknown}
 k - 2 scrolls of identify {unknown}
 n - 2 scrolls of noise {unknown}
 t - 3 scrolls of remove curse {unknown}
 u - 2 scrolls of enchant weapon {unknown}
 x - a scroll of teleportation {unknown}
Potions
 d - a potion of flight {unknown}
 f - 3 potions of heal wounds {unknown}
 g - 3 potions of agility {unknown}
 i - a potion of experience {unknown}
 j - a potion of lignification {unknown}
 m - a potion of haste {unknown}
 p - a potion of magic {unknown}
 q - a potion of resistance {unknown}
 r - 2 potions of curing {unknown}
 w - a potion of might {unknown}
Comestibles
 c - 7 rations


   Skills:
 + Level 5.1 Fighting
 + Level 4.1 Axes
 + Level 4.4 Armour
 + Level 3.3 Dodging


You had 6 spell levels left.
You didn't know any spells.
Your spell library was empty.

Dungeon Overview and Level Annotations

Branches:
Dungeon (4/15)
 Temple: D:4-7

Altars:
Cheibriados
Wu Jian


Innate Abilities, Weirdness & Mutations

You are resistant to torment.
Your stone body is resilient. (AC +4)
You are immune to poison.
You resist negative energy. (rN+)
You are resistant to electric shocks. (rElec)
You can survive without breathing.
You are immune to petrification.
You are immune to rotting.


Message History

a +0 dagger; a +0 robe You feel a strong urge to attack something.
You are no longer berserk.
You are exhausted.
You feel yourself slow down.
The orc wizard gestures at you while chanting.
The magic dart hits you but does no damage.
Things that are here:
a +0 flail; an orc corpse
Things that are here:
a +0 dagger; a +4 ring mail Your skin crawls.
You feel resistant to hostile enchantments.
You are feeling very hungry.
The orc wizard barely misses you.
You hit the orc wizard.
The orc wizard is moderately wounded.
The orc wizard casts a spell at you. The magic dart hits you.
You die...

..#.........
...........
#..........
.......... #....... #
#..... ###.##.o.# .#
......†@.##.#
####.#)))##.#
#).(##.# #...##!#
#.#....#.# ###+##
#.#...(#.#######.....
#.#...(........#.⌠.⌠.
#.#...#(.......+.._..
#.#####.......##.⌠.⌠.


You could see an orc wizard.

Vanquished Creatures
  A bullfrog (Sewer)
  3 orc priests (D:4)
  3 orc wizards (D:4)
  2 worker ants
  10 adders
  2 oozes (D:3)
  An adder skeleton (D:2)
  2 worms (D:2)
  A dart slug (D:2)
  3 leopard geckos
  6 orcs
  6 bats
  12 giant cockroaches
  7 goblins
  4 hobgoblins
  2 quokkas
  3 ball pythons
  7 frilled lizards
  7 kobolds
  8 rats
90 creatures vanquished.

Notes
Turn   | Place    | Note
-------+----------+-------------------------------------------
     0 | D:1      | Fang the Gargoyle Berserker began the quest for the Orb.
     0 | D:1      | Reached XP level 1. HP: 14/14 MP: 1/1
   496 | D:1      | Reached XP level 2. HP: 19/19 MP: 2/2
   983 | D:2      | Reached XP level 3. HP: 23/23 MP: 3/3
  1458 | D:2      | Found a snail-covered altar of Cheibriados.
  1602 | D:2      | Reached XP level 4. HP: 20/29 MP: 1/4
  1725 | D:2      | Reached ** piety under Trog
  1790 | D:2      | Reached skill level 4 in Fighting
  2314 | D:3      | Found a glowing drain.
  2319 | Sewer    | Entered a sewer
  2498 | Sewer    | Reached XP level 5. HP: 26/33 MP: 5/5
  2944 | D:3      | Reached XP level 6. HP: 26/39 MP: 4/6
  3456 | D:4      | Found an ornate altar of the Wu Jian Council.
  3529 | D:4      | Reached *** piety under Trog
  3783 | D:4      | HP: 3/60 [orc priest/divine providence (11)]
  3788 | D:4      | Reached skill level 5 in Fighting
  3789 | D:4      | Reached XP level 7. HP: 3/44 MP: 2/7
  3790 | D:4      | HP: 2/66 [adder (2)]
  3796 | D:4      | Killed from afar by an orc wizard

Skill      XL: |  1  2  3  4  5  6 |
---------------+-------------------+-----
Axes           | 3 4 |  4.1
Dodging        | 2 3 |  3.3
Armour         | 3 4 |  4.4
Fighting       | 4 5 |  5.1

Action                   |  1- 3 |  4- 6 |  7- 9 || total
-------------------------+-------+-------+-------++-------
Melee: Hand axe          |    87 |   293 |     3 ||   383
Invok: Berserk           |     1 |     3 |       ||     4
       Trog's Hand       |       |       |     1 ||     1
 Stab: Sleeping          |     1 |       |       ||     1
  Eat: Chunk             |     3 |    10 |       ||    13
Armor: Animal skin       |    27 |   108 |     2 ||   137
Dodge: Dodged            |    64 |   202 |     2 ||   268
